 Dungeon Crawl Stone Soup version 0.22.0-49-gab54619 (webtiles) character file.

7721 Tarasboulda the Carver (level 11, -11/97 HPs)
             Began as a Minotaur Gladiator on Sept 5, 2018.
             Was an Elder of Okawaru.
             Mangled by a six-headed hydra (16 damage)
             ... on level 9 of the Dungeon.
             The game lasted 00:36:36 (11284 turns).

Tarasboulda the Carver (Minotaur Gladiator)        Turns: 11284, Time: 00:36:37

Health: -11/97     AC:  5    Str: 22    XL:     11   Next: 0%
Magic:  10/10      EV: 17    Int:  5    God:    Okawaru [****..]
Gold:   488        SH:  0    Dex: 14    Spells: 10/10 levels left

rFire    + . .     SeeInvis .   P - +4 scimitar (flame)
rCold    . . .     Gourm    .   (no shield)
rNeg     . . .     Faith    .   C - +1 leather armour {rF+}
rPois    +         Spirit   .   c - +0 hat
rElec    .         Reflect  .   g - +0 cloak
rCorr    .         Harm     .   (no gloves)
MR       .....                  (no boots)
Stlth    +.........             (no amulet)
HPRegen  0.26/turn              p - +2 ring of strength
MPRegen  0.12/turn              K - ring of poison resistance

@: about to teleport
A: retaliatory headbutt, horns 2
a: Heroism, Renounce Religion


You were on level 9 of the Dungeon.
You worshipped Okawaru.
Okawaru was greatly pleased with you.
You were very hungry.

You visited 2 branches of the dungeon, and saw 10 of its levels.
You also visited: Sewer and Bailey.

You collected 488 gold pieces.

Inventory:

Hand Weapons
 a - a +0 long sword
 z - a +0 long sword
 D - a +0 falchion
 N - a +0 halberd
 P - a +4 scimitar of flaming (weapon)
Missiles
 d - 48 tomahawks of returning (quivered)
 s - 6 tomahawks
 y - 6 javelins
Armour
 b - a +0 leather armour
 c - a +0 hat (worn)
 g - a +0 cloak (worn)
 C - a +1 leather armour of fire resistance (worn)
 I - the +4 ring mail of Woshobon {-Tele rF+ rCorr, unknown}
   (You found it on level 7 of the Dungeon)

   It protects you from fire.
   It prevents most forms of teleportation.
   It provides partial protection from all sources of acid and corrosion.
Jewellery
 p - a +2 ring of strength (left hand)
 B - an uncursed ring of ice
 G - an uncursed ring of stealth
 K - a ring of poison resistance (right hand)
 L - an uncursed ring of stealth
Wands
 A - a wand of digging (14)
 M - a wand of flame (8)
Scrolls
 e - a scroll of teleportation
 h - 5 scrolls of remove curse
 j - a scroll of blinking {unknown}
 k - 2 scrolls of amnesia {unknown}
 u - 2 scrolls of immolation {unknown}
 v - a scroll of magic mapping
 w - 3 scrolls of enchant weapon
 E - a scroll of fog {unknown}
 H - 4 scrolls of identify
 J - 2 scrolls of brand weapon {unknown}
Potions
 i - a potion of heal wounds {unknown}
 l - a potion of haste {unknown}
 m - 2 potions of cancellation
 n - 2 potions of berserk rage {unknown}
 o - 4 potions of degeneration
 q - a potion of lignification {unknown}
 r - a potion of brilliance
 t - 2 potions of invisibility {unknown}
 x - 4 potions of flight
 F - 4 potions of curing {unknown}
Comestibles
 f - 22 rations


   Skills:
 - Level 9.2 Fighting
 - Level 12.5 Long Blades
 * Level 5.2 Polearms
 - Level 7.5 Throwing
 - Level 0.1 Armour
 - Level 8.8 Dodging


You had 10 spell levels left.
You didn't know any spells.
Your spell library contained the following spells:

 Spells                   Type           Power        Failure   Level  Hunger
 Confusing Touch          Hex            #.....       52%         1    ##.....
 Confuse                  Hex            #.......     88%         3    ####...
 Gell's Gravitas          Tloc           #.........   88%         3    ####...
 Petrify                  Tmut/Erth      #.......     99%         4    #####..
 Metabolic Englaciation   Hex/Ice        #.........   100%        5    ######.
 Yara's Violent Unravell  Hex/Tmut       #.........   100%        5    ######.


Dungeon Overview and Level Annotations

Branches:
Dungeon (9/15)             Temple (1/1) D:6
   Lair: D:8-11         Orc: D:9-12

Altars:
Ashenzari
Cheibriados
Dithmenos
Elyvilon
Fedhas
Gozag
Hepliaklqana
Kikubaaqudgha
Makhleb
Nemelex Xobeh
Okawaru
Qazlal
Ru
Sif Muna
Trog
Uskayaw
Vehumet
Wu Jian
Xom
Yredelemnul
Zin
The Shining One

Shops:
D:5 :   D:8 [

Annotations:
D:6 Sigmund
D:8 Harold


Innate Abilities, Weirdness & Mutations

You reflexively headbutt those who attack you in melee.
You have a pair of horns on your head.


Message History

You climb downwards.
There is a stone staircase leading up here.
Things that are here:
a stone; a giant club; a hand axe of flaming
There is an escape hatch in the ceiling here.
The six-headed hydra bites you. The six-headed hydra barely misses you.
The six-headed hydra bites you!
The six-headed hydra completely misses you.
The six-headed hydra bites you! The six-headed hydra misses you.
There is an escape hatch in the ceiling here.
As you read the scroll of teleportation, it crumbles to dust.
You feel strangely unstable. The six-headed hydra bites you!
The six-headed hydra closely misses you.
The six-headed hydra bites you!
* * * LOW HITPOINT WARNING * * *
The six-headed hydra closely misses you.
The six-headed hydra bites you!
* * * LOW HITPOINT WARNING * * *
The six-headed hydra bites you!
You die...

.....#....#........#.#
.....#....#.##.....#.#
#'#..'....'........#.#
#.#..#...(#.##.###.#.#
#....#....#.##.....#.#
.....'...('....#####.#
.....#....#.##.#####.#
.....###.......#.D.#.#
#....# #.##.####@#<#.#
.....# #.##.####.#.#.#
##...###.#......(..#.#
##D.###..#..####.###.#
.<#.# #.##..####.(...#
###D###.)...#.......##
#................÷.#
####...........#####.####
..##...........#≈≈≈.≈.≈.#


You could see a six-headed hydra.

Vanquished Creatures
  A hydra (D:9)
  Erica (D:8)
  Pikel (D:6)
  An ugly thing (D:8)
  Prince Ribbit (D:5)
  Grinder (D:6)
  2 dream sheep (D:9)
  2 yaks
  2 hungry ghosts
  Menkaure (D:5)
  Edmund (D:6)
  A phantom (D:9)
  A black bear (D:8)
  A slave (D:6)
  7 orc warriors
  2 wolves (D:8)
  4 ogres
  3 centaurs
  3 big kobolds (D:9)
  2 bullfrogs
  A gnoll sergeant (D:9)
  A water moccasin zombie (D:6)
  A scorpion (D:5)
  4 wights (D:6)
  2 crimson imps
  5 howler monkeys
  2 jellies
  3 centaur skeletons
  4 orc priests (D:9)
  10 orc wizards
  A bullfrog skeleton (D:4)
  Natasha (thrice) (D:4 D:6)
  2 iguanas
  A merfolk siren (Sewer)
  7 worker ants
  A merfolk avatar (Sewer)
  2 hound zombies (D:9)
  A hound skeleton (D:5)
  Robin (D:2)
  7 gnolls
  18 adders
  A howler monkey skeleton (D:6)
  5 river rats
  A hound simulacrum (D:8)
  3 shadow imps
  4 white imps (D:8)
  5 oozes
  3 adder skeletons
  4 worms
  2 dart slugs (D:3)
  8 leopard geckos
  39 orcs
  2 ball pythons (Sewer)
  6 giant cockroaches
  12 hobgoblins
  10 jackals
  22 kobolds
  3 quokkas
  5 bats
  4 frilled lizards
  19 goblins
  A jackal zombie (D:7)
  27 rats
301 creatures vanquished.

Vanquished Creatures (others)
  2 slaves (D:6)
  A leopard gecko skeleton (D:6)
  4 plants (D:9)
7 creatures vanquished.

Grand Total: 308 creatures vanquished

Notes
Turn   | Place    | Note
-------+----------+-------------------------------------------
     0 | D:1      | Tarasboulda the Minotaur Gladiator began the quest for the
                  | Orb.
     0 | D:1      | Reached XP level 1. HP: 18/18 MP: 0/0
   137 | D:1      | Reached XP level 2. HP: 18/25 MP: 1/1
   486 | D:2      | Reached skill level 4 in Long Blades
   957 | D:2      | Reached XP level 3. HP: 30/30 MP: 2/2
  1041 | D:2      | Noticed Robin
  1062 | D:2      | Killed Robin
  1064 | D:2      | Reached XP level 4. HP: 38/38 MP: 3/3
  1123 | D:2      | Found an opulent altar of Gozag.
  1636 | D:3      | Found a glowing drain.
  1645 | D:3      | Reached skill level 5 in Long Blades
  1645 | D:3      | Reached XP level 5. HP: 38/45 MP: 4/4
  1663 | Sewer    | Entered a sewer
  2337 | Sewer    | Reached XP level 6. HP: 49/52 MP: 5/5
  3250 | D:4      | Reached skill level 6 in Long Blades
  3287 | D:4      | Found a shimmering altar of Xom.
  3288 | D:4      | Found a shimmering altar of Xom.
  3288 | D:4      | Found a shimmering altar of Xom.
  3289 | D:4      | Found a shimmering altar of Xom.
  3290 | D:4      | Found a shimmering altar of Xom.
  3328 | D:4      | Noticed Natasha
  3338 | D:4      | Killed Natasha
  3653 | D:4      | Reached skill level 5 in Dodging
  3653 | D:4      | Reached XP level 7. HP: 60/60 MP: 6/6
  3900 | D:4      | Found a shadowy altar of Dithmenos.
  4222 | D:5      | Entered Level 5 of the Dungeon
  4222 | D:5      | Found Ipooseag's Book Boutique.
  4226 | D:5      | Reached skill level 5 in Fighting
  4226 | D:5      | Reached skill level 7 in Long Blades
  4283 | D:5      | Noticed Menkaure
  4286 | D:5      | Killed Menkaure
  4606 | D:5      | Reached XP level 8. HP: 64/69 MP: 7/7
  4632 | D:5      | Noticed Prince Ribbit
  4642 | D:5      | Killed Prince Ribbit
  4642 | D:5      | Reached skill level 8 in Long Blades
  4905 | D:5      | Found a deep blue altar of Sif Muna.
  5110 | D:6      | Found a staircase to the Ecumenical Temple.
  5135 | Temple   | Entered the Ecumenical Temple
  5158 | Temple   | Became a worshipper of Warmaster Okawaru
  5214 | D:6      | Noticed Sigmund
  5226 | D:5      | Reached skill level 5 in Throwing
  5274 | D:6      | Noticed Natasha
  5281 | D:6      | Killed Natasha
  5285 | D:6      | Noticed Grinder
  5286 | D:6      | Noticed Pikel
  5365 | D:6      | Noticed Edmund
  5388 | D:6      | Killed Edmund
  5388 | D:6      | Reached skill level 9 in Long Blades
  5411 | D:6      | Killed Pikel
  5411 | D:6      | Reached * piety under Okawaru
  5411 | D:6      | Reached XP level 9. HP: 51/78 MP: 8/8
  5575 | D:6      | Found a white marble altar of Elyvilon.
  5777 | D:6      | Noticed Natasha
  5784 | D:6      | Killed Natasha
  5939 | D:6      | Paralysed by Grinder for 5 turns
  5952 | D:6      | Paralysed by Grinder for 2 turns
  5959 | D:6      | Killed Grinder
  5959 | D:6      | Reached skill level 10 in Long Blades
  6307 | D:6      | Reached ** piety under Okawaru
  6974 | D:7      | Got a jacinth-encrusted ring mail
  7422 | D:8      | Found a shimmering altar of Xom.
  7422 | D:8      | Found a stormy altar of Qazlal.
  7516 | D:8      | HP: 1/79 [electric eel/bolt of electricity (7)]
  7753 | D:8      | Noticed Harold
  8127 | D:9      | Reached skill level 11 in Long Blades
  8169 | D:9      | Reached *** piety under Okawaru
  8208 | D:9      | Found a flagged portal.
  8213 | Bailey   | Entered a bailey
  8261 | Bailey   | Reached XP level 10. HP: 37/88 MP: 9/9
  9025 | D:9      | Found a hide-covered altar of Uskayaw.
  9031 | D:9      | Found a hazy altar of Hepliaklqana.
  9031 | D:9      | Found an ornate altar of the Wu Jian Council.
  9032 | D:9      | Found an ancient bone altar of Kikubaaqudgha.
  9034 | D:9      | Found a sparkling altar of Nemelex Xobeh.
  9036 | D:9      | Found a basalt altar of Yredelemnul.
  9175 | D:8      | HP: 4/90 [yak (14)]
  9492 | D:8      | Noticed a red ugly thing
  9496 | D:8      | Killed a red ugly thing
  9504 | D:8      | Reached skill level 12 in Long Blades
  9546 | D:8      | Reached **** piety under Okawaru
  9576 | D:8      | Noticed a cyclops
  9671 | D:9      | Noticed a three-headed hydra
  9836 | D:9      | Found a sacrificial altar of Ru.
 10181 | D:8      | Noticed Erica
 10192 | D:8      | Killed Erica
 10204 | D:8      | HP: 4/91 [poisoned by Erica (bolt of poison)]
 10209 | D:8      | HP: 4/91 [poisoned by Erica (bolt of poison)]
 10216 | D:8      | HP: 3/91 [poisoned by Erica (bolt of poison)]
 10224 | D:8      | HP: 3/91 [poisoned by Erica (bolt of poison)]
 10694 | D:8      | Found Ajerist's Antique Armour Shop.
 10840 | D:8      | Received a gift from Okawaru
 10860 | D:8      | Noticed a six-headed hydra
 10911 | D:9      | Killed a three-headed hydra
 10911 | D:9      | Reached skill level 5 in Polearms
 10931 | D:9      | Reached XP level 11. HP: 42/97 MP: 10/10
 11284 | D:9      | Mangled by a six-headed hydra

Skill      XL: |  1  2  3  4  5  6  7  8  9 10 |
---------------+-------------------------------+-----
Long Blades    | 4 5 6 7 9 11 12 | 12.5
Fighting       | 3 4 5 6 8 9 |  9.2
Dodging        | 4 5 6 7 8 |  8.8
Throwing       | 3 4 5 6 7 |  7.5
Polearms       | 5 |  5.2
Armour         | |  0.1

Action                   |  1- 3 |  4- 6 |  7- 9 | 10-12 || total
-------------------------+-------+-------+-------+-------++-------
Melee: Long sword        |    49 |   220 |   303 |   107 ||   679
       Headbutt          |    10 |    35 |    69 |    34 ||   148
       Scimitar          |       |       |       |    19 ||    19
       Punch             |       |       |       |     1 ||     1
Throw: Throwing net      |       |     1 |     1 |     1 ||     3
       Javelin           |       |       |    12 |       ||    12
       Tomahawk          |       |       |    15 |    91 ||   106
Invok: Heroism           |       |       |     1 |     5 ||     6
  Use: Scroll            |       |     1 |    11 |     1 ||    13
       Potion            |       |       |     1 |     1 ||     2
 Stab: Sleeping          |       |     1 |       |       ||     1
  Eat: Chunk             |       |     9 |     5 |     7 ||    21
       Ration            |       |       |     4 |       ||     4
Armor: Leather armour    |     9 |    41 |    37 |    15 ||   102
Dodge: Dodged            |    27 |   136 |   197 |   116 ||   476
       Rpst.: Long sword |     7 |    35 |    53 |    20 ||   115
       Scimitar          |       |       |       |     5 ||     5
